 Dungeon Crawl Stone Soup version 0.31-a0-542-gdc2a67831c (webtiles) character file.

Game seed: 7229021566783568020

126 Arcadio the Shooter (level 5, 0/27 (41) HPs)
             Began as a Formicid Hunter on Aug 14, 2023.
             Slain by a centaur (1 damage)
             ... on level 8 of the Dungeon.
             The game lasted 00:11:48 (2661 turns).

Arcadio the Shooter (Formicid Hunter)               Turns: 2661, Time: 00:11:49

HP:   0/27 (41)     AC:  5    Str: 16    XL:     5   Next: 32%
MP:   5/5           EV: 13    Int:  8    God:
Gold: 162           SH:  0    Dex: 19    Spells: 4/4 levels left

rFire   . . .        b - +2 dagger (holy)
rCold   . . .        (no shield)
rNeg    . . .        c - +0 leather armour
rPois   .            (helmet unavailable)
rElec   .            (no cloak)
rCorr   .            h - +0 pair of gloves
SInv    +            n - +0 pair of boots
Will    .....        e - amulet of the acrobat
Stlth   ++           (no ring)
HPRegen 0.24/turn    (no ring)
MPRegen 0.09/turn

%: acrobat
@: very heavily drained
A: permanent stasis, dig shafts and tunnels, antennae 3, four strong arms
a: Dig, Shaft Self


You were on level 8 of the Dungeon.
You visited 1 branch of the dungeon, and saw 7 of its levels.

You collected 162 gold pieces.

Inventory:

Hand Weapons
 a - a +0 shortbow
 b - a +2 dagger of holy wrath (weapon)
 g - a +1 dagger of electrocution
Armour
 c - a +0 leather armour (worn)
 h - a +0 pair of gloves (worn)
 m - a +0 ring mail
 n - a +0 pair of boots (worn)
Jewellery
 e - an amulet of the acrobat (around neck)
Scrolls
 d - a scroll of immolation {unknown}
 f - 2 scrolls of butterflies
 l - a scroll of fear {unknown}
 o - 2 scrolls of identify {unknown}
Potions
 i - a potion of degeneration {unknown}
 j - 2 potions of ambrosia {unknown}
 k - 2 potions of might {unknown}


   Skills:
 + Level 3.3 Fighting
 + Level 4.6 Ranged Weapons
 + Level 2.7 Dodging
 + Level 3.2 Stealth


You had 4 spell levels left.
You didn't know any spells.
Your spell library contained the following spells:

 Spells                   Type           Power      Damage    Failure   Level
 Apportation              Tloc           0%         N/A       47%         1
 Ensorcelled Hibernation  Hex/Ice        0%         N/A       63%         2
 Sublimation of Blood     Necr           0%         N/A       63%         2
 Frozen Ramparts          Ice            0%         1d1       85%         3
 Anguish                  Hex/Necr       0%         N/A       99%         4
 Petrify                  Tmut/Erth      0%         N/A       99%         4
 Alistair's Intoxication  Tmut/Pois      0%         N/A       100%        5
 Irradiate                Conj/Tmut      0%         3d11      100%        5
 Metabolic Englaciation   Hex/Ice        0%         N/A       100%        5


Dungeon Overview and Level Annotations

Branches:
Dungeon (9/15) Zot: 26818
 Temple: D:4-7         Lair: D:8-11         Orc: D:9-12

Altars:
Uskayaw

Shops:
D:9 =

Annotations:
D:2 1 runed translucent door, Crazy Yiuf, Sigmund
D:4 Dowan


Innate Abilities, Weirdness & Mutations

You cannot be hasted, slowed, berserked, paralysed or teleported.
You can dig through walls and to a lower floor.
You have a pair of large antennae on your head. (SInv)
Your four strong arms can wield two-handed weapons with a shield.


Message History

The centaur kicks you but does no damage.
You hit the centaur.
The centaur is moderately wounded.
The centaur hits you. The centaur closely misses you.
You hit the centaur.
The centaur is heavily wounded.
The centaur hits you. The centaur misses you. The centaur barely misses you. x2
You hit the centaur.
The centaur is heavily wounded.
The centaur hits you but does no damage.
The centaur closely misses you.
You barely miss the centaur.
The centaur is heavily wounded.
The centaur hits you. The centaur closely misses you. x2
The centaur barely misses you.
You hit the centaur.
The centaur is severely wounded.
The centaur completely misses you. The centaur closely misses you.
You hit the centaur.
The centaur is almost dead.
The centaur closely misses you. The centaur barely misses you.
The centaur hits you but does no damage.
The centaur closely misses you.
You completely miss the centaur.
The centaur is almost dead.
The centaur barely misses you. The centaur closely misses you.
You hit the centaur but do no damage.
The centaur is almost dead.
The centaur closely misses you. The centaur barely misses you.
The centaur misses you. The centaur closely misses you.
You barely miss the centaur.
The centaur is almost dead.
The centaur hits you.
* * * LOW HITPOINT WARNING * * *
The centaur kicks you.
* * * LOW HITPOINT WARNING * * *
You hit the centaur but do no damage.
The centaur is almost dead.
The centaur hits you.
You die...

## #.# .. .. .#####
#########......
#..........#
#..........#
#####......@...#
...........c...####
...................
...................
...................
...................
.........######....
.........# ....
######+#.#


You could see a centaur.

Vanquished Creatures
  A jelly (D:4)
  Jessica (D:2)
  4 adders (D:2)
  2 worms (D:2)
  3 ball pythons (D:2)
  3 bats
  6 endoplasms
  2 giant cockroaches
  3 goblins
  A hobgoblin (D:2)
  A frilled lizard (D:1)
  A kobold (D:1)
  5 rats
33 creatures vanquished.

Notes
Turn   | Place    | Note
-------+----------+-------------------------------------------
     0 | D:1      | Arcadio the Formicid Hunter began the quest for the Orb.
     0 | D:1      | Reached XP level 1. HP: 16/16 MP: 1/1
   137 | D:1      | Reached XP level 2. HP: 23/23 MP: 2/2
  1063 | D:1      | You fall into a shaft and drop 1 floor!
  1226 | D:2      | Reached XP level 3. HP: 28/28 MP: 3/3
  1227 | D:2      | Found a hide-covered altar of Uskayaw.
  1266 | D:2      | Noticed Jessica
  1340 | D:2      | Killed Jessica
  1341 | D:2      | Reached XP level 4. HP: 8/35 MP: 4/4
  1558 | D:2      | Noticed Sigmund
  1754 | D:2      | Found a runed translucent door.
  1755 | D:2      | Noticed Crazy Yiuf
  2090 | D:2      | Reached XP level 5. HP: 41/41 MP: 5/5
  2119 | D:2      | You fall into a shaft and drop 2 floors!
  2267 | D:4      | Noticed Dowan
  2277 | D:5      | Entered Level 5 of the Dungeon
  2329 | D:5      | Noticed a phantom
  2333 | D:5      | You fall into a shaft and drop 2 floors!
  2351 | D:7      | Noticed a water moccasin
  2374 | D:7      | You fall into a shaft and drop 2 floors!
  2380 | D:9      | Noticed a centaur
  2418 | D:9      | Found Baigg's Jewellery Shop.
  2421 | D:9      | Noticed a wyvern
  2642 | D:8      | Noticed a centaur
  2660 | D:8      | HP: 1/27 [centaur (2)]
  2661 | D:8      | Slain by a centaur

Illustrated notes

Levels and vault maps discovered:
D:1:      psy_arrival_spokes, layout_basic
D:2:      layout_basic, basic_altar, minmay_shallow_snake_nest, uniq_sigmund,
          uniq_jessica, uniq_crazy_yiuf_cottage
D:4:      layout_loops_cross, grunt_dithmenos_smoke, okawaru_ov_weapons_minmay,
          nicolae_overflow_hidden_temple, uniq_duvessa
D:5:      layout_cave_pools, mainiacjoe_overflow_tiny_flanked,
          chequers_ossuary_entry_cave, roderic_batcave,
          kennysheep_cluttered_room, uniq_prince_ribbit1
D:7:      layout_rooms, grunt_temple_overflow_order_and_chaos_2,
          minmay_temple_entry_mini_moons, biasface_ghost_orc_armoury,
          uniq_jeremiah
D:8:      layout_basic, nemelex_diamond_rough_becter
D:9:      layout_cave_pools, mainiacjoe_overflow_six_doors_small,
          lemuel_round_altar, david_orc_4, serial_shops, shop, enter_bailey_4

Skill      XL: |  1  2  3  4 |
---------------+-------------+-----
Dodging        | 2 |  2.7
Stealth        | 2 3 |  3.2
Fighting       | 3 |  3.3
Ranged Weapons | |  4.6

Action                     |  1- 3 |  4- 6 || total
---------------------------+-------+-------++-------
  Melee: Dagger            |    18 |    52 ||    70
         Punch             |     1 |     1 ||     2
   Fire: Shortbow          |    34 |    28 ||    62
Ability: Shaft Self        |     1 |     3 ||     4
         Dig               |       |     3 ||     3
    Use: Scroll            |       |     1 ||     1
 Armour: Leather armour    |     4 |    12 ||    16
  Dodge: Dodged            |    16 |    59 ||    75

Table legend: (Time is in decaauts)
 A = Elapsed time spent in this place.
 B = Non-inter-level travel time spent in this place.
 C = Inter-level travel time spent in this place.
 D = Time resting spent in this place.
 E = Time spent auto-exploring this place.
 F = Levels seen in this place.
 G = Mean time per level.
                   A        B        C        D        E       F      G
               +--------+--------+--------+--------+--------+-----+--------+
         Total |   2659 |   2592 |     67 |    419 |   1098 |   7 |  379.9 |
       Dungeon |   2659 |   2592 |     67 |    419 |   1098 |   7 |  379.9 |
               +--------+--------+--------+--------+--------+-----+--------+

Top non-repeatable levels by time:
     D:2: 1060 daAuts
     D:1: 1058 daAuts
     D:8: 180 daAuts
     D:4: 158 daAuts
     D:9: 105 daAuts
     D:5: 55 daAuts
     D:7: 40 daAuts
